 Dungeon Crawl Stone Soup version 0.27.0-1-g7a089689b8 (webtiles) character file.

Game seed: 7901074748733432519

784 SnakkuSnakku7 the Archer (level 7, -1/43 HPs)
             Began as an Octopode Arcane Marksman on Aug 12, 2021.
             Was a Follower of Zin.
             Succumbed to a hornet's poison
             ... on level 5 of the Dungeon.
             The game lasted 00:09:14 (5581 turns).

SnakkuSnakku7 the Archer (Octopode Arcane Marksman) Turns: 5581, Time: 00:09:14

Health: -1/43      AC:  1    Str: 11    XL:     7   Next: 86%
Magic:  1/8        EV: 13    Int: 16    God:    Zin [*.....]
Gold:   99         SH:  0    Dex: 12    Spells: 7/8 levels left

rFire    . . .     SeeInvis .   b - +0 short sword (venom)
rCold    . . .     Faith    .   (no shield)
rNeg     . . .     Spirit   +   (helmet restricted)
rPois    .         Reflect  .   q - amulet of guardian spirit
rElec    .         Harm     .   l - ring of flight
rCorr    .         Rampage  .   w - ring of wizardry
Will     .....                  (no ring)
Stlth    ++........             (no ring)
HPRegen  0.14/turn              (no ring)
MPRegen  0.11/turn              (no ring)
                                (no ring)
                                (no ring)

@: lethally poisoned (-1 -> -11), flying, slowed, very slow
A: almost no armour, amphibious, 8 rings, camouflage 1, gelatinous body 1,
(nimble swimmer 1), tentacles
a: Renounce Religion, Recite, Donate Gold


You were on level 5 of the Dungeon.
You worshipped Zin.
Zin was aware of your devotion.
You visited 1 branch of the dungeon, and saw 5 of its levels.

You collected 203 gold pieces.
You spent 94 gold pieces at shops.
You donated 10 gold pieces to Zin.

Inventory:

Hand Weapons
 a - a +1 longbow
 b - a +0 short sword of venom (weapon)
 i - a +0 dagger
 j - a +0 long sword
 u - a +0 shortbow
Missiles
 c - 14 arrows
Jewellery
 l - a ring of flight (left tentacle)
 q - an amulet of guardian spirit (around mantle)
 w - a ring of wizardry (right tentacle)
Wands
 v - a wand of flame (13)
Scrolls
 p - a scroll of vulnerability
Potions
 d - a potion of curing
 f - a potion of might
 k - a potion of attraction
 o - a potion of cancellation


   Skills:
 - Level 1.0 Fighting
 + Level 8.7 Bows
 - Level 2.0 Dodging
 - Level 1.0 Spellcasting
 - Level 3.0 Hexes


You had 7 spell levels left.
You knew the following spells:

 Your Spells              Type           Power      Damage    Failure   Level
a - Corona                Hex            11%        N/A       2%          1

Your spell library contained the following spells:

 Spells                   Type           Power      Damage    Failure   Level
 Slow                     Hex            10%        N/A       4%          2
 Ensorcelled Hibernation  Hex/Ice        10%        N/A       8%          2
 Tukima's Dance           Hex            10%        N/A       9%          3
 Inner Flame              Hex/Fire       5%         N/A       16%         3
 Portal Projectile        Hex/Tloc       10%        N/A       16%         3
 Swiftness                Air            0%         N/A       26%         3
 Cause Fear               Hex            5%         N/A       26%         4
 Summon Lightning Spire   Summ/Air       0%         N/A       63%         4
 Freezing Cloud           Conj/Ice/Air   0%         6-21      91%         5


Dungeon Overview and Level Annotations

Branches:
Dungeon (5/15)
 Temple: D:4-7

Altars:
Fedhas
Gozag
Sif Muna
Uskayaw
Wu Jian
Yredelemnul
Zin
The Shining One

Shops:
D:3 *   D:4 [([


Innate Abilities, Weirdness & Mutations

You cannot wear most types of armour.
You are amphibious.
You can wear up to eight rings at the same time.
Your skin changes colour to match your surroundings (Stealth+).
Your rubbery body absorbs attacks. (AC +1, EV +1)
((You are camouflaged near water. (Stealth+)))
You have tentacles for arms and can constrict up to eight enemies at once.


Message History

You feel sick.
You feel sick.
You start resting.
You feel sick.
You are no longer poisoned.
You start resting.
Magic restored.
You start resting.
A hornet is nearby!
The hornet buzzes angrily.
Okay, then.
Okay, then.
Your +0 short sword of venom stops dripping with poison.
a - a +1 longbow (weapon)
Fire: 16 arrows
Press: ? - help, Q - select action, (/) - cycle Shift-Dir - straight line, f - hornet
Aim: a hornet (46% to hit)
You shoot an arrow.
The arrow hits the hornet but does no damage.
Unknown command.
Unknown command.
Fire: 15 arrows
Press: ? - help, Q - select action, (/) - cycle Shift-Dir - straight line, f/p - hornet
Aim: a hornet (46% to hit)
You shoot an arrow. The arrow misses the hornet.
Unknown command.
Your +0 short sword of venom begins to drip with poison!
b - a +0 short sword of venom (weapon)
The hornet stings you.
You feel yourself slow down.
Unknown command.
You closely miss the hornet. Your grab misses the hornet.
The hornet stings you!
* * * LOW HITPOINT WARNING * * *
You are lethally poisoned!
You suddenly lose the ability to move!
The hornet stings you!
* * * LOW HITPOINT WARNING * * *
You feel as though you will be slow longer.
You can move again.
Unknown command.
You closely miss the hornet. Your grab misses the hornet.
You die...

,,,,,,..........#
,****,.##.####..##
,****,,**,* #...#
,,,,,,,**,* #<#(#
.#***,***,* #.#.#
..,,,,,,,,* #.#.#
.#***,***** #.#.# .#
*,* #.#y### .#
*,*#######..@..# .#
*,,............#
.#############.....#
............##.....#
.##########.##.....#
># #.######.###
.##### #.# #...#
.....# #.# ###.#
##.#.## #.# #.#


You could see a hornet.

Vanquished Creatures
  Sigmund (D:4)
  A water moccasin (D:5)
  A phantom (D:5)
  A scorpion (D:5)
  A water moccasin zombie (D:5)
  A gnoll shaman (D:5)
  An iguana (D:5)
  Ijyb (D:5)
  8 gnolls
  9 adders
  An ufetubus (D:5)
  A worm (D:3)
  3 dart slugs
  5 orcs
  6 bats
  2 endoplasms (D:1)
  3 giant cockroaches (D:1)
  6 goblins
  4 hobgoblins
  15 jackals
  2 quokkas
  12 ball pythons
  3 frilled lizards
  10 kobolds
  7 rats
105 creatures vanquished.

Notes
Turn   | Place    | Note
-------+----------+-------------------------------------------
     0 | D:1      | SnakkuSnakku7 the Octopode Arcane Marksman began the quest
                  | for the Orb.
     0 | D:1      | Reached XP level 1. HP: 13/13 MP: 2/2
   439 | D:1      | Reached XP level 2. HP: 9/18 MP: 3/3
   644 | D:1      | Reached skill level 3 in Bows
   830 | D:1      | Reached XP level 3. HP: 12/23 MP: 4/4
  1412 | D:2      | Reached skill level 4 in Bows
  1445 | D:2      | Reached XP level 4. HP: 25/28 MP: 5/5
  1455 | D:2      | Got the Grimoire of Air
  2326 | D:3      | Found Zin's Purification Station.
  2329 | D:3      | Found a glowing silver altar of Zin.
  2504 | D:3      | Reached skill level 5 in Bows
  2506 | D:3      | Reached XP level 5. HP: 25/33 MP: 6/6
  2937 | D:4      | Found Roet's Armour Shop.
  2964 | D:4      | Noticed a +0 hand axe
  2964 | D:4      | Noticed a +0 dagger
  2965 | D:4      | Found a hide-covered altar of Uskayaw.
  3282 | D:4      | Found Saerph's Antique Weapon Emporium.
  3285 | D:4      | Noticed Sigmund
  3291 | D:4      | Killed Sigmund
  3292 | D:4      | Reached skill level 6 in Bows
  3292 | D:4      | Reached XP level 6. HP: 23/38 MP: 7/7
  3465 | D:4      | Bought a longbow for 94 gold pieces
  3848 | D:4      | Found Vomnug's Armour Shoppe.
  3946 | D:4      | Found a basalt altar of Yredelemnul.
  3948 | D:4      | Noticed a profane servitor
  3955 | D:4      | Found a glowing golden altar of the Shining One.
  3957 | D:4      | Noticed an angel
  3982 | D:4      | Found a blossoming altar of Fedhas.
  3988 | D:4      | Found an opulent altar of Gozag.
  3989 | D:4      | Found a shimmering blue altar of Sif Muna.
  3992 | D:4      | Found an ornate altar of the Wu Jian Council.
  4137 | D:3      | Became a worshipper of Zin the Law-Giver
  4201 | D:5      | Entered Level 5 of the Dungeon
  4387 | D:5      | Reached skill level 7 in Bows
  4387 | D:5      | Reached XP level 7. HP: 42/43 MP: 8/8
  4739 | D:5      | Noticed Ijyb
  4809 | D:5      | Killed Ijyb
  4922 | D:5      | Reached skill level 8 in Bows
  4997 | D:5      | Noticed a hornet
  5394 | D:5      | Reached * piety under Zin
  5580 | D:5      | Paralysed by a hornet for 1 turns
  5581 | D:5      | Succumbed to a hornet's poison

Illustrated notes

Levels and vault maps discovered:
D:1:      dpeg_arrival_lava_altar, layout_loops_cross, minmay_pentomino_t4
D:2:      layout_basic
D:3:      layout_basic, zin_purify
D:4:      layout_loops_cross, dancing_weapons_uskayaw,
          grunt_temple_overflow_holy_war, minitemple, serial_shops,
          nicolae_take_the_stairs, nicolae_shop_overgrown_old_shop, shop,
          uniq_sigmund
D:5:      layout_loops_ring, uniq_ijyb

Skill      XL: |  1  2  3  4  5  6  7 |
---------------+----------------------+-----
Bows           | 3 4 5 6 7 8 |  8.7
Fighting       | |  1.0
Dodging        | |  2.0
Spellcasting   | |  1.0
Hexes          | |  3.0

Action                   |  1- 3 |  4- 6 |  7- 9 || total
-------------------------+-------+-------+-------++-------
Melee: Unarmed           |    35 |       |       ||    35
       Constrict         |    17 |    35 |    15 ||    67
       Tentacles         |    18 |    20 |    13 ||    51
       Dagger            |    12 |       |       ||    12
       Short sword       |    18 |   125 |    59 ||   202
       Long sword        |     1 |       |       ||     1
 Fire: Shortbow          |    37 |     6 |       ||    43
       Longbow           |       |    16 |     7 ||    23
  Use: Scroll            |       |     5 |     4 ||     9
       Potion            |       |       |     8 ||     8
 Stab: Sleeping          |     2 |     8 |       ||    10
Armor: Skin              |     9 |    12 |     4 ||    25
Dodge: Dodged            |    64 |   103 |    56 ||   223
       Rpst.: Long sword |     1 |       |       ||     1
